 Dungeon Crawl Stone Soup version 0.29.1-1-gd02db6906a (webtiles) character file.

Game seed: 3625394291557541870

359 firemarshallily the Magician (level 6, 0/46 HPs)
             Began as a Djinni Conjurer on Oct 20, 2022.
             Slain by a gnoll
             ... wielding a +0 whip
             ... led by a gnoll bouda
              (1 damage)
             ... on level 3 of the Dungeon.
             The game lasted 00:17:48 (4018 turns).

firemarshallily the Magician (Djinni Conjurer)      Turns: 4018, Time: 00:17:49

Health: 0/46       AC:  2    Str:  6    XL:     6   Next: 97%
Gold:   251        EV: 11    Int: 21    God:
                   SH:  0    Dex: 12

rFire   + + .      SeeInvis .   o - +2 whip (drain)
rCold   x . .      Faith    .   c - +0 buckler
rNeg    . . .      Spirit   .   a - +0 robe
rPois   ∞          Reflect  .   (no helmet)
rElec   .          Harm     .   (no cloak)
rCorr   .          Rampage  .   (no gloves)
Will    +....                   (boots unavailable)
Stlth   +.........              b - amulet of regeneration
HPRegen 0.95/turn               q - ring of willpower
MPRegen 0.00/turn               (no ring)

@: confused, ambrosia-drunk, flying
A: sickness immunity, fire resistance 2, cold vulnerability 1, float, innate
caster, HP casting, extra vitality 1
a: no special abilities


You were on level 3 of the Dungeon.
You visited 1 branch of the dungeon, and saw 4 of its levels.

You collected 251 gold pieces.

Inventory:

Hand Weapons
 o - a +2 whip of draining (weapon)
Missiles
 e - 32 stones
 j - 3 atropa-tipped darts
 s - 2 throwing nets
Armour
 a - a +0 robe (worn)
 c - a +0 buckler (worn)
Jewellery
 b - an amulet of regeneration (around neck)
 q - a ring of willpower (left hand)
Wands
 r - a wand of roots (11)
Scrolls
 f - a scroll of enchant weapon {unknown}
 k - a scroll of butterflies
 t - a scroll of poison {unknown}
Potions
 d - a potion of lignification {unknown}
 h - a potion of brilliance
 i - 2 potions of haste
 n - a potion of attraction
 p - a potion of invisibility {unknown}


   Skills:
 * Level 3.5 Fighting
 - Level 2.1 Dodging
 - Level 1.5 Stealth
 * Level 3.5 Shields
 * Level 4.3 Spellcasting


You couldn't memorise any spells.
You knew the following spells:

 Your Spells              Type           Power      Damage    Failure   Level
a - Magic Dart            Conj           88%        1d7       2%          1
b - Searing Ray           Conj           44%        2d6       3%          2
c - Dazzling Flash        Conj/Hex       44%        N/A       8%          3
d - Fulminant Prism       Conj/Hex       11%        3d9       26%         4
e - Iskenderun's Mystic   Conj/Tloc      22%        2d6       26%         4
f - Slow                  Hex            88%        N/A       2%          1
g - Ensorcelled Hibernat  Hex/Ice        44%        N/A       3%          2
Your spell library was empty.

Dungeon Overview and Level Annotations

Branches:
Dungeon (4/15)
 Temple: D:4-7

Altars:

Shops:
D:2 :


Innate Abilities, Weirdness & Mutations

You are immune to sickness and miasma.
You are immune to poison.
Your flesh is very heat resistant. (rF++)
You are vulnerable to cold. (rC-)
You float through the air rather than walking.
You learn spells naturally, not from books.
Your magical power is your life essence.
You have superior vitality. (+4 MHP)


Message History

You hit the gnoll.
You kill the gnoll!
Things that are here:
a +0 club; a gnoll corpse
There is a stone staircase leading down here.
You start resting.
HP restored.
Done exploring.
There is a stone staircase leading down here.
You fly downwards.
You block the gnoll's attack. The gnoll hits you with a +0 whip.
The gnoll hits you from afar with a +0 halberd!
The gnoll hits you with a +0 flail! The gnoll completely misses you.
There is a stone staircase leading up here.
The gnoll misses you. You block the gnoll's attack.
The gnoll closely misses you.
You fly upwards.
There is a stone staircase leading down here.
You closely miss the gnoll.
The gnoll is lightly wounded.
You block the gnoll's attack. The gnoll hits you with a +0 whip.
You barely miss the gnoll.
The gnoll is lightly wounded.
The gnoll hits you with a +0 flail! The gnoll barely misses you.
Casting: Searing Ray (safe; 3% risk of failure)
Confirm with . or Enter, or press ? or * to list all spells.
Aiming: Searing Ray (safe; 3% risk of failure)
Press: ? - help, Shift-Dir - straight line, f - gnoll
Aim: a gnoll, wielding a +0 whip (81% to hit)
The searing ray hits the gnoll!
The gnoll is heavily wounded. (Press . to maintain the ray.)
* * * LOW HITPOINT WARNING * * *
You block the gnoll's attack. The gnoll hits you with a +0 whip!
* * * LOW HITPOINT WARNING * * *
You are confused.
You feel invigorated. The gnoll hits you with a +0 flail!
* * * LOW HITPOINT WARNING * * *
The gnoll hits you with a +0 whip.
You die...

#.............#### #.#
##.....####....# #.# ......##
###### #.# ......# #.# ......#
#.######### ......# #..........
####### #.########.
#######################........#.
..............[g@g...............
##############.#######..######...
#.#######..######...
####.##.........##.....
#...............##.....
##.#.#...#####..####....
#........#####...##.....
#..........#...........#
#...####..###...........


You could see 2 gnolls.

Vanquished Creatures
  A scorpion (D:3)
  4 orc priests
  8 gnolls
  An adder (D:4)
  A worm (D:3)
  2 dart slugs (D:2)
  10 orcs
  7 endoplasms
  2 giant cockroaches (D:2)
  3 goblins
  13 hobgoblins
  4 jackals (D:3)
  4 quokkas
  4 ball pythons
  6 bats
  2 frilled lizards (D:1)
  6 kobolds
  7 rats
85 creatures vanquished.

Notes
Turn   | Place    | Note
-------+----------+-------------------------------------------
     0 | D:1      | firemarshallily the Djinni Conjurer began the quest for the
                  | Orb.
     0 | D:1      | firemarshallily set off with the following spells
                  | memorised: Magic Dart, Searing Ray, Dazzling Flash,
                  | Fulminant Prism, Iskenderun's Mystic Blast.
     0 | D:1      | Reached XP level 1. HP: 15/15 MP: 0/0
   410 | D:1      | Reached XP level 2. HP: 22/22 MP: 0/0
   825 | D:1      | Reached skill level 1 in Fighting
   825 | D:1      | Reached skill level 1 in Shields
  1043 | D:1      | Found a faded altar of an unknown god.
  1441 | D:1      | Reached XP level 3. HP: 25/27 MP: 0/0
  1441 | D:1      | Learned a level 1 spell: Slow
  1836 | D:2      | Found Wafiadul's Book Shoppe.
  2466 | D:2      | Reached XP level 4. HP: 24/32 MP: 0/0
  2964 | D:3      | Reached XP level 5. HP: 38/39 MP: 0/0
  2964 | D:3      | Learned a level 2 spell: Ensorcelled Hibernation
  3333 | D:3      | Reached skill level 4 in Spellcasting
  3557 | D:3      | Reached XP level 6. HP: 44/45 MP: 0/0
  4018 | D:3      | HP: 1/46 [gnoll/+0 flail[a gnoll bouda] (8)]
  4018 | D:3      | Slain by a gnoll

Illustrated notes

Levels and vault maps discovered:
D:1:      minmay_arrival_diagonal_passages, layout_loops_ring,
          hellmonk_ecumenical_altar_prayer_group, minmay_tetromino_o4
D:2:      layout_basic, serial_shops, shop, minmay_misc_feat_nine_boxes
D:3:      cheibrodos_helix_gallery, layout_basic, dreamdust_princess_corridor,
          hex_tiny, hangedman_decor_growths
D:4:      nicolae_cairo_tiling_very_big, layout_basic,
          mainiacjoe_overflow_catch_the_wave, minmay_temple_entry_antechambers,
          st_stairs_1, grunt_ministairs_13

Skill      XL: |  1  2  3  4  5  6 |
---------------+-------------------+-----
Fighting       | 1 2 3 |  3.5
Shields        | 1 2 3 |  3.5
Spellcasting   | 4 |  4.3
Dodging        | |  2.1
Stealth        | |  1.5

Action                   |  1- 3 |  4- 6 || total
-------------------------+-------+-------++-------
Melee: Club              |     8 |       ||     8
       Dagger            |    50 |       ||    50
       Whip              |       |    37 ||    37
 Cast: Magic Dart        |    45 |    68 ||   113
       Searing Ray       |     3 |    12 ||    15
  Use: Scroll            |     3 |     6 ||     9
       Potion            |       |     3 ||     3
 Stab: Sleeping          |     2 |     1 ||     3
Armor: Robe              |     9 |     6 ||    15
Dodge: Dodged            |    31 |    27 ||    58
Block: Buckler           |     6 |    19 ||    25
